Unix NetHack Version 5.0.0-0 post-release - last build May 23 2026 06:08:33 (1c0ff79ee797540d5714e4e18072db0edd9e58ae,branch:main).

Game began 2026-05-24 02:48:23, ended 2026-05-25 19:20:29.

FalseGod, lawful female human Samurai

      ----         ---------------------------------------             ----
      |..|        --.....................................|             |..|
     --..|        |..----------------#------------------.|             |..--
 |   |...-----  ---..|              ...              ..|.-----       ---...---
 |..--.....|.---|....| -           -....`        -----.|.....---------.......|
  -............--....|.|           |.....        |...|%|d....)...............|
   -.................#.|           |......       |...|.)*.*...---------..--..|
   --................|.|            ......|      |....[).>.....|      ------.|
    ----.............| |            ......- --- ---+--)|......-|          --.|
      --.............|              ....... `........@%|.......|          |..|
      |..............|             .{........{......o.)|`......--      ----..--
      --.............|             ..--...--...........|`.......--    --.|....|
  --  --........--...|             -.  .`..| ------|--.|.........|    |....|.--
 --.---....---..||.|.|             |.  . ..       .. |.|........-|    |..-----
 |........-- ----|.|.|              .  .  .|     ..  |.|.........|    ----
 |.....----     --.|.|              .     .|.   |.(  |.|.........|
 |.....|       --....|        ---   .  -----.---------.|......----
 |....--     | |.....|         ..   .  `...............#.--...|
 ----.|      |.......-----------#------------#----------.|-----
    ---      --.--.|(..*...*...``....*...................|
              -- -----------------------------------------
FalseGod the Kunoichi  St:10 Dx:13 Co:18 In:10 Wi:7 Ch:9  Lawful
Dlvl:8  $:31 HP:0(88) Pw:26(26) AC:-3 Xp:8 T:5288 

Latest messages:
 P - a pick-axe (weapon in right hand).
 b - a blessed +0 wakizashi (alternate weapon; not wielded).
 You start digging.
 You hit the rock with all your might.
 It picks up 25 gold pieces.
 You make an opening in the wall.
 There are several objects here.
 b - a blessed +0 wakizashi (weapon in right hand).
 P - a pick-axe (alternate weapon; not wielded).
 You hit the orc-captain!
 You hit the orc-captain!
 The orc-captain wields a scimitar!
 You hit the orc-captain.
 The orc-captain swings his orcish bow.
 The orc-captain hits!
 The orc-captain swings his orcish bow.
 The orc-captain misses!
 You kill the orc-captain!
 There are many objects here.
 The orc-captain swings her scimitar.
 The orc-captain hits!
 The orc-captain swings her scimitar.
 The orc-captain misses!
 You hit the orc-captain!
 The orc-captain swings her scimitar.
 The orc-captain hits!
 The orc-captain swings her scimitar.
 The orc-captain hits again!
 You hit the orc-captain!
 The orc-captain swings her scimitar.
 The orc-captain hits!
 The orc-captain swings her scimitar.
 The orc-captain misses!
 You hit the orc-captain.
 What do you want to zap? [glS or ?*] ?
 Never mind.
 What do you want to write with? [- a-cgk-moES or ?*] -
 You write in the dust with your fingertip.
 What do you want to write in the dust here? Elbereth
 The orc-captain swings her scimitar.
 The orc-captain hits!
 You stop waiting.
 The orc-captain swings her scimitar.
 The orc-captain hits again!
 You die...
 Do you want your possessions identified? [ynq] (y) y
 Do you want to see your attributes? [ynq] (y) y
 Do you want an account of creatures vanquished? [ynaq] (y) y
 Do you want to see your conduct and achievements? [ynq] (y) y
 Do you want to see the dungeon overview? [ynq] (y) y

Inventory:
 Coins    ('$')
  $ - 31 gold pieces
 Weapons  (')')
  c - a +0 yumi
  a - a corroded +0 katana
  b - a blessed +0 wakizashi (weapon in right hand)
 Armor    ('[')
  j - an uncursed +0 elven leather helm (being worn)
  w - an uncursed +0 pair of yugake (being worn)
  U - an uncursed +0 pair of kicking boots (being worn)
  u - an uncursed +0 shield of reflection (being worn)
  O - an uncursed +1 dwarvish cloak (being worn)
  f - a cursed +0 elven mithril-coat (being worn)
 Comestibles  ('%')
  A - 2 uncursed gunyoki
  D - 4 uncursed melons
  i - 4 uncursed sprigs of wolfsbane
  B - an uncursed tin of smoked acid blob
  Z - an uncursed egg
 Scrolls  ('?')
  C - 2 uncursed scrolls of blank paper
  z - an uncursed scroll of create monster
  x - an uncursed scroll of destroy armor
  v - 2 uncursed scrolls of identify
 Potions  ('!')
  t - an uncursed potion of see invisible
 Rings    ('=')
  E - an uncursed ring of cold resistance
  m - an uncursed +1 ring of gain strength
  k - an uncursed +1 ring of protection (on right hand)
  o - an uncursed +1 ring of protection (on left hand)
 Wands    ('/')
  g - a wand of create monster (0:13)
  l - a wand of sleep named sleep/death (0:1)
  S - a wand of striking (0:0)
 Tools    ('(')
  L - an uncursed pair of lenses named T3047 Well-Pleased (being worn)
  P - a +0 pick-axe (alternate weapon; not wielded)
  p - an uncursed skeleton key
  s - an uncursed skeleton key
  q - 7 uncursed partly used tallow candles

FalseGod the Samurai's attributes:

Background:
 You were a Kunoichi, a level 8 female human Samurai.
 You were lawful, on a mission for Amaterasu Omikami
 who was opposed by Raijin (neutral) and Susanowo (chaotic).
 You were right-handed.
 You were in the Gnomish Mines, on level 8.
 You entered the dungeon 5288 turns ago.
 You had 2106 experience points, 454 more were needed to attain level 9.

Basics:
 You had 0 out of 88 hit points.
 You had all 26 energy points (spell power).
 Your armor class was -3.
 Your wallet contained 31 zorkmids.
 Autopickup was off.

Final Characteristics:
 Your strength was 10 (peak:18, limit:18/100).
 Your dexterity was 13 (limit:18).
 Your constitution was 18 (limit:18).
 Your intelligence was 10 (limit:18).
 Your wisdom was 7 (limit:18).
 Your charisma was 9 (limit:18).

Final Status:
 You weren't hungry.
 You were unencumbered.
 You were wielding a short sword.
 You had expert skill with short sword.

Final Attributes:
 You were piously aligned.
 Your items were somewhat protected from fire.
 Your items were somewhat protected from cold.
 You were poison resistant.
 You had a small defense bonus (+2).
 You were protected.
 Your spell casting was impaired by metallic armor.
 You were fast.
 You had reflection.
 You are dead.

Miscellaneous:
 You didn't encounter any bones levels.
 Total elapsed playing time was 4 hours and 31 minutes.

Major events:
 Turn
    1: FalseGod the lawful female human Samurai entered the dungeon
  935: attained the rank of Ronin (level 3)
 1005: entered the Gnomish Mines
 1286: consulted the Oracle
 2331: attained the rank of Kunoichi (level 6)
 3531: reached Mine Town
 5288: killed by an orc-captain

Spells:
 Name                 Level Category     Fail Retention
 light                  1   divination   100%  76%-100%
 sleep                  3   enchantment  100%  76%-100%
 charm monster          5   enchantment  100%  76%-100%
 force bolt             1   attack       100%  76%-100%

Skills:
 Fighting Skills
   martial arts      [Basic]
   two weapon combat [Unskilled]
   riding            [Unskilled]
 Weapon Skills
   dagger            [Unskilled]
   knife             [Unskilled]
   short sword       [Expert]
   broadsword        [Unskilled]
   long sword        [Basic]
   two-handed sword  [Unskilled]
   saber             [Unskilled]
   flail             [Unskilled]
   quarterstaff      [Unskilled]
   polearms          [Unskilled]
   spear             [Unskilled]
   lance             [Unskilled]
   bow               [Basic]
   shuriken          [Unskilled]
 Spellcasting Skills
   attack spells     [Unskilled]
   divination spells [Unskilled]
   clerical spells   [Unskilled]

Voluntary challenges:
 Character rerolling was not enabled.
 You never genocided any monsters.
 You never polymorphed an object.
 You never changed form.
 You used no wishes.
Achievements:
 You entered a shop.
 You attained the rank of Ronin.
 You entered the Gnomish Mines.
 You consulted the Oracle of Delphi.
 You attained the rank of Kunoichi.
 You entered Minetown.

 The Dungeons of Doom: levels 1 to 5
    Level 1: "vault"
    Level 2:
       A weapon shop, a fountain.
    Level 3:
       A fountain, a sink.
    Level 4:
       A fountain.
       Stairs down to The Gnomish Mines.
    Level 5: "spellbooks"
       Many fountains.
       Oracle of Delphi.
 The Gnomish Mines: levels 5 to 10
    Level 5:
    Level 6:
    Level 7:
    Level 8: <- You were here.
       Some fountains.
       Final resting place for
          you, killed by an orc-captain.
    Level 9: "BoH on D stair"
    Level 10:
 The Tutorial:
    Level 1:


Vanquished creatures:
  a large cat
  a python
  a giant beetle
  a cockatrice
  a leprechaun
  4 orc-captains
 an owlbear
  3 Green-elves
  a housecat
  a jaguar
  a dwarf leader
 an imp
  a wood nymph
  a water nymph
  a Mordor orc
  4 Uruk-hai
  6 orc shamans
  2 rock piercers
  2 rock moles
  a violet fungus
  9 gnome leaders
  3 gnomish wizards
  a gray ooze
  2 paper golems
  a giant ant
  6 dwarves
  a kobold leader
  a kobold shaman
 13 hill orcs
  3 rothes
  a rabid rat
  a centipede
  2 giant bats
  a wererat
  2 killer bees
 an acid blob
  a coyote
  3 hobbits
  a hobgoblin
  2 cave spiders
  a green mold
 40 gnomes
  8 garter snakes
  2 gnome zombies
  2 geckos
  7 jackals
  a kobold
  3 goblins
  a sewer rat
  5 grid bugs
  3 lichens
  6 newts
169 creatures vanquished.

No species were genocided or became extinct.

Game over:
                       ----------
                      /          \
                     /    REST    \
                    /      IN      \
                   /     PEACE      \
                  /                  \
                  |     FalseGod     |
                  |      31 Au       |
                  |   killed by an   |
                  |   orc-captain    |
                  |                  |
                  |                  |
                  |       2026       |
                 *|     *  *  *      | *
        _________)/\\_//(\/(/\)/\//\/|_)_______

Sayonara FalseGod the Samurai...

You died in The Gnomish Mines on dungeon level 8 with 8923 points,
and 31 pieces of gold, after 5288 moves.
You were level 8 with a maximum of 88 hit points when you died.

